 Dungeon Crawl Stone Soup version 0.31-a0-925-g0a390f2509 (webtiles) character file.

Game seed: 7403945953982686628

83 Ekaitz the Digger (level 4, -2/24 HPs)
             Began as a Deep Elf Earth Elementalist on Oct 18, 2023.
             Slain by a goblin
             ... wielding a +0 club
             ... led by Robin
              (5 damage)
             ... on level 3 of the Dungeon.
             The game lasted 00:03:51 (1908 turns).

Ekaitz the Digger (Deep Elf Earth Elementalist)     Turns: 1908, Time: 00:03:52

Health: -2/24      AC:  2    Str:  5    XL:     4   Next: 22%
Magic:  17/21      EV: 13    Int: 22    God:
Gold:   138        SH:  0    Dex: 15    Spells: 1/11 levels left

rFire   . . .        g - +0 dagger
rCold   . . .        (no shield)
rNeg    . . .        a - +0 robe
rPois   .            (no helmet)
rElec   .            (no cloak)
rCorr   .            (no gloves)
SInv    .            (no boots)
Will    .....        (no amulet)
Stlth   ++           f - ring of magical power
HPRegen 0.24/turn    (no ring)
MPRegen 0.17/turn

%: no passive effects
@: no status effects
A: no striking features
a: no special abilities


You were on level 3 of the Dungeon.
You visited 1 branch of the dungeon, and saw 3 of its levels.

You collected 138 gold pieces.

Inventory:

Hand Weapons
 g - a +0 dagger (weapon)
Missiles
 n - a throwing net
Armour
 a - a +0 robe (worn)
 l - a +1 scale mail of fire resistance
Jewellery
 f - a ring of magical power (left hand)
 m - a ring of ice
Scrolls
 h - a scroll of revelation {unknown}
 i - 3 scrolls of identify {unknown}
 j - 3 scrolls of noise {unknown}
 k - 2 scrolls of fog {unknown}
 o - a scroll of amnesia {unknown}
Potions
 b - a potion of magic
 c - a potion of invisibility {unknown}
 d - a potion of mutation {unknown}
 e - 3 potions of curing {unknown}
 p - 2 potions of brilliance {unknown}


   Skills:
 + Level 0.1 Fighting
 * Level 2.8 Dodging
 + Level 2.6 Stealth
 + Level 4.0 Spellcasting
 * Level 1.9 Conjurations
 + Level 1.1 Transmutations
 * Level 4.2 Earth Magic


You had one spell level left.
You knew the following spells:

 Your Spells              Type           Power      Damage    Failure   Level
a - Sandblast             Erth           46%        2d11      1%          1
b - Passwall              Tmut/Erth      13%        N/A       5%          2
c - Stone Arrow           Conj/Erth      36%        3d9       10%         3
d - Brom's Barrelling Bo  Conj/Erth      18%        2d4       30%         4

Your spell library contained the following spells:

 Spells                   Type           Power      Damage    Failure   Level
 Ozocubu's Armour         Ice            4%         N/A       32%         3
 Petrify                  Tmut/Erth      16%        N/A       36%         4
 Metabolic Englaciation   Hex/Ice        2%         N/A       97%         5
 Simulacrum               Ice/Necr       2%         N/A       100%        6


Dungeon Overview and Level Annotations

Branches:
Dungeon (3/15)

Altars:

Annotations:
D:3 Robin


Message History

Casting: Sandblast (safe; 1% risk of failure)
Confirm with . or Enter, or press ? or * to list all spells.
Aiming: Sandblast (safe; 1% risk of failure)
Press: ? - help, Shift-Dir - straight line, f - goblin, p - Robin
Aim: a goblin, wielding a +0 club (moderately wounded, 79% to hit)
The blast of sand hits the goblin!
You kill the goblin!
The goblin hits you with a +0 club.
Robin roars a battlecry!
The goblins go into a battle-frenzy!
Casting: Sandblast (safe; 1% risk of failure)
Confirm with . or Enter, or press ? or * to list all spells.
Aiming: Sandblast (safe; 1% risk of failure)
Press: ? - help, Shift-Dir - straight line, f - Robin
Aim: Robin, wielding a +0 falchion, wearing a +0 animal skin and wearing a +2 helmet (87% to hit)
The blast of sand misses the goblin.
The blast of sand misses Robin.
The goblin hits you with a +0 club.
A goblin comes into view. It is wielding a +0 club.
Robin misses you. Robin throws the goblin at you!
The goblin hits you with a +0 dagger.
* * * LOW HITPOINT WARNING * * *
The goblin attacks as it pursues you! The goblin hits you with a +0 club.
* * * LOW HITPOINT WARNING * * *
Casting: Sandblast (safe; 1% risk of failure)
Confirm with . or Enter, or press ? or * to list all spells.
Aiming: Sandblast (safe; 1% risk of failure)
Press: ? - help, Shift-Dir - straight line, f/p - Robin
Aim: Robin, wielding a +0 falchion, wearing a +0 animal skin and wearing a +2 helmet (87% to hit)
The blast of sand misses the goblin.
The blast of sand hits Robin!
Robin is heavily wounded.
Unknown command.
Casting: Sandblast (safe; 1% risk of failure)
Confirm with . or Enter, or press ? or * to list all spells.
Aiming: Sandblast (safe; 1% risk of failure)
Press: ? - help, Shift-Dir - straight line, f/p - Robin
Aim: Robin, wielding a +0 falchion, wearing a +0 animal skin and wearing a +2 helmet (heavily wounded, 87% to hit)
The blast of sand hits the goblin!!
You kill the goblin!
The goblin hits you with a +0 club.
You die...

###
########## .g
.......@g# g#
########)##)#
........g))#
.######.####
#.# #.# #.#
#.## #..#


You could see Robin and a goblin (strong).

Vanquished Creatures
  3 adders
  A dart slug (D:1)
  4 endoplasms
  7 giant cockroaches
  9 goblins
  2 hobgoblins (D:1)
  3 jackals (D:2)
  7 kobolds
  6 ball pythons
  3 frilled lizards
  7 rats
52 creatures vanquished.

Notes
Turn   | Place    | Note
-------+----------+-------------------------------------------
     0 | D:1      | Ekaitz the Deep Elf Earth Elementalist began the quest for
                  | the Orb.
     0 | D:1      | Reached XP level 1. HP: 10/10 MP: 6/6
   210 | D:1      | Reached skill level 1 in Conjurations
   210 | D:1      | Reached XP level 2. HP: 15/15 MP: 8/8
   213 | D:1      | Learned a level 2 spell: Passwall
   783 | D:2      | Reached XP level 3. HP: 15/19 MP: 9/9
   787 | D:2      | Learned a level 3 spell: Stone Arrow
  1015 | D:2      | Found a faded altar of an unknown god.
  1700 | D:3      | Reached XP level 4. HP: 24/24 MP: 11/11
  1705 | D:3      | Learned a level 4 spell: Brom's Barrelling Boulder
  1897 | D:3      | Noticed Robin
  1908 | D:3      | Slain by a goblin

Illustrated notes

Levels and vault maps discovered:
D:1:      spicycebolla_arrival_xxxplode, layout_rooms,
          chequers_serial_rivers_micro_e
D:2:      layout_loops_ring, shapermc_ecumenical_altar_mp_vishouse
D:3:      layout_loops_ring, fedhas_altar_3, kennysheep_flooded_box,
          minmay_fountain_box, uniq_jessica, uniq_robin, uniq_grinder

Skill      XL: |  1  2  3  4 |
---------------+-------------+-----
Conjurations   | 1 |  1.9
Earth Magic    | 4 |  4.2
Spellcasting   | 4 |  4.0
Fighting       | |  0.1
Dodging        | |  2.8
Stealth        | |  2.6
Transmutations | |  1.1

Action                     |  1- 3 |  4- 6 || total
---------------------------+-------+-------++-------
  Melee: Dagger            |    10 |     4 ||    14
   Cast: Sandblast         |    48 |     9 ||    57
         Passwall          |     5 |       ||     5
         Stone Arrow       |     1 |       ||     1
   Stab: Sleeping          |     6 |     1 ||     7
 Armour: Robe              |    19 |    13 ||    32
  Dodge: Dodged            |    13 |     6 ||    19

Table legend: (Time is in decaauts)
 A = Elapsed time spent in this place.
 B = Non-inter-level travel time spent in this place.
 C = Inter-level travel time spent in this place.
 D = Time resting spent in this place.
 E = Time spent auto-exploring this place.
 F = Levels seen in this place.
 G = Mean time per level.
                   A        B        C        D        E       F      G
               +--------+--------+--------+--------+--------+-----+--------+
         Total |   1934 |   1896 |     38 |     18 |   1549 |   3 |  644.7 |
       Dungeon |   1934 |   1896 |     38 |     18 |   1549 |   3 |  644.7 |
               +--------+--------+--------+--------+--------+-----+--------+

Top non-repeatable levels by time:
     D:2: 955 daAuts
     D:1: 763 daAuts
     D:3: 215 daAuts
